 Dungeon Crawl Stone Soup version 0.29.1-12-g30fa7ad0bf (webtiles) character file.

Game seed: 15678878167281721676

236 Mitcholas the Shield-Bearer (level 5, -4/54 HPs)
             Began as a Troll Fighter on Dec 29, 2022.
             Was an Initiate of the Shining One.
             Killed from afar by an orc wizard (6 damage)
             ... with a puff of flame
             ... on level 5 of the Dungeon.
             The game lasted 00:05:39 (2307 turns).

Mitcholas the Shield-Bearer (Troll Fighter)         Turns: 2307, Time: 00:05:40

Health: -4/54      AC:  4    Str: 24    XL:     5   Next: 77%
Magic:  4/4        EV:  9    Int:  6    God:    the Shining One [......]
Gold:   121        SH:  0    Dex: 15    Spells: 4/4 levels left

rFire   . . .      SeeInvis .     - Unarmed
rCold   . . .      Faith    .   b - +0 kite shield
rNeg    . . .      Spirit   .   a - +0 robe
rPois   .          Reflect  .   (helmet restricted)
rElec   .          Harm     .   (no cloak)
rCorr   .          Rampage  .   (gloves unavailable)
Will    .....                   (boots unavailable)
Stlth   +.........              (no amulet)
HPRegen 0.98/turn               d - +6 ring of dexterity
MPRegen 0.09/turn               (no ring)

@: confused, glowing
A: large, unfitting armour, claws 3, regeneration 1, shaggy fur 1, tough skin 1
a: Renounce Religion


You were on level 5 of the Dungeon.
You worshipped the Shining One.
The Shining One was noncommittal.
You visited 1 branch of the dungeon, and saw 5 of its levels.

You collected 121 gold pieces.

Inventory:

Missiles
 s - a throwing net (quivered)
Armour
 a - a +0 robe (worn)
 b - a +0 kite shield (worn)
Jewellery
 d - a +6 ring of dexterity (left claw)
Scrolls
 e - 2 scrolls of identify {unknown}
 h - 4 scrolls of vulnerability {unknown}
 j - 3 scrolls of teleportation {unknown}
 k - 2 scrolls of poison {unknown}
 o - a scroll of immolation {unknown}
 p - a scroll of fear {unknown}
 r - a scroll of magic mapping {unknown}
 t - a scroll of torment {unknown}
Potions
 c - a potion of might
 f - 2 potions of curing {unknown}
 g - 3 potions of ambrosia {unknown}
 i - a potion of cancellation {unknown}
 l - a potion of heal wounds {unknown}
 m - 2 potions of resistance {unknown}
 n - a potion of haste {unknown}
 q - a potion of flight {unknown}


   Skills:
 + Level 3.6 Fighting
 - Level 2.4 Dodging
 + Level 4.1 Shields
 + Level 3.8 Unarmed Combat


You had 4 spell levels left.
You didn't know any spells.
Your spell library contained the following spells:

 Spells                   Type           Power      Damage    Failure   Level
 Magic Dart               Conj           0%         1d3       75%         1
 Call Imp                 Summ           0%         N/A       86%         2
 Mephitic Cloud           Conj/Pois/Air  0%         N/A       98%         3
 Summon Guardian Golem    Hex/Summ       0%         N/A       98%         3
 Orb of Destruction       Conj           0%         9d5       100%        7
 Spellforged Servitor     Conj/Summ      0%         N/A       100%        7


Dungeon Overview and Level Annotations

Branches:
Dungeon (5/15)
 Temple: D:4-7

Altars:
Makhleb
Nemelex Xobeh
Okawaru
Trog
Yredelemnul
The Shining One

Shops:
D:3 (?   D:4 *

Annotations:
D:4 exclusion: black bear


Innate Abilities, Weirdness & Mutations

You are too large for most types of armour.
You have claws for hands.
Your natural rate of healing is unusually fast.
You are covered in fur. (AC +1)
You have tough skin. (AC +1)


Message History

The orc shouts!
You hear a shout!
You block the orc priest's attack.
The orc wizard gestures at you while chanting.
You are confused.
You scratch the orc.
You kill the orc!
The orc priest mumbles some strange prayers to Beogh against you.
Pain shoots through your body! The orc wizard closely misses you.
The orc hits you with a +0 flail.
You claw the orc priest!
You kill the orc priest!
The Shining One accepts your kill. The orc wizard closely misses you.
The orc wizard hits you but does no damage.
An orc priest comes into view. It is wielding a +0 falchion.
The orc priest invokes the aid of Beogh against you.
Pain shoots through your body! The orc barely misses you.
Your Shields skill increases to level 4!
The orc wizard casts a spell at you.
You are more confused.
The orc hits you with a +0 flail.
In your confused state, you trip and fall back down the stairs.
The orc priest hits you with a +0 club.
* * * LOW HITPOINT WARNING * * *
The orc barely misses you.
Unknown command.
The orc wizard hits you but does no damage.
The orc priest hits you but does no damage.
The orc hits you with a +0 flail.
* * * LOW HITPOINT WARNING * * *
In your confused state, you trip and fall back down the stairs.
* * * LOW HITPOINT WARNING * * *
The orc priest mumbles some strange prayers to Beogh against you.
Beogh smites you!
* * * LOW HITPOINT WARNING * * *
The orc priest barely misses you. The orc barely misses you.
The orc wizard barely misses you. The orc closely misses you.
The orc wizard points at you and mumbles some strange words.
The puff of flame hits you.
You die...

...... ..####....
#. #..###....... #.
#.#..#... #..
##...#.#
#<.####...<.# .
####.........#.##..
..........o###.....
...##.####oo.......
.! #o@o....### ..#
#.####### ow #.# .
#.# #.# #.# #.# #.


You could see 2 orc priests, an orc wizard and 2 orcs.

Vanquished Creatures
  A scorpion (D:4)
  2 orc priests (D:5)
  3 adders
  An ufetubus (D:3)
  3 worms
  5 dart slugs
  3 orcs
  6 ball pythons
  8 endoplasms
  A giant cockroach (D:1)
  5 goblins
  4 hobgoblins
  4 jackals (D:1)
  4 quokkas
  3 bats
  3 kobolds
  4 rats
60 creatures vanquished.

Notes
Turn   | Place    | Note
-------+----------+-------------------------------------------
     0 | D:1      | Mitcholas the Troll Fighter began the quest for the Orb.
     0 | D:1      | Reached XP level 1. HP: 22/22 MP: 0/0
    88 | D:1      | Found a faded altar of an unknown god.
    99 | D:1      | Reached XP level 2. HP: 29/29 MP: 1/1
   148 | D:1      | You fall into a shaft and drop 1 floor!
   183 | D:2      | Reached skill level 3 in Shields
   451 | D:2      | Reached XP level 3. HP: 20/36 MP: 2/2
   916 | D:3      | Found Biammysa's Magic Scroll Shoppe.
   929 | D:3      | Reached XP level 4. HP: 43/45 MP: 3/3
  1048 | D:3      | Found Gaewn's Antique Weapon Shop.
  1622 | D:4      | Found Afeece's Overcharged Wands.
  1629 | D:4      | Identified the +6 hand axe "Gatz" {elec, +Blink rF+}
  1679 | D:4      | Noticed a black bear
  1724 | D:4      | Found a basalt altar of Yredelemnul.
  1782 | D:4      | Found a burning altar of Makhleb.
  1783 | D:4      | Found a glowing golden altar of the Shining One.
  1846 | D:4      | Found a sparkling altar of Nemelex Xobeh.
  1891 | D:4      | Found an iron altar of Okawaru.
  2022 | D:4      | Became a worshipper of the Shining One
  2033 | D:4      | Noticed a scorpion
  2043 | D:4      | Killed a scorpion
  2044 | D:4      | Reached XP level 5. HP: 47/53 MP: 4/4
  2248 | D:4      | Found a bloodstained altar of Trog.
  2248 | D:4      | Noticed a black bear
  2265 | D:5      | Entered Level 5 of the Dungeon
  2303 | D:5      | Reached skill level 4 in Shields
  2306 | D:5      | HP: 1/54 [orc priest/divine providence (12)]
  2307 | D:5      | Killed from afar by an orc wizard

Illustrated notes

Levels and vault maps discovered:
D:1:      dpeg_arrival_three_same_balls, layout_basic,
          shapermc_ecumenical_altar_totnotflames
D:2:      layout_loops_cross, minmay_pentomino_u4
D:3:      layout_basic, serial_shops, shop, nicolae_shop_behind_doors,
          minmay_tree_intersection
D:4:      layout_basic, trog_ov_bears_minmay,
          mainiacjoe_overflow_catch_the_wave,
          mainiacjoe_overflow_small_starburst, nicolae_overflow_squiral,
          grunt_ministairs_2, nicolae_shop_overcharged_wands
D:5:      layout_loops_ring, gammafunk_temple_overflow_elements,
          minmay_temple_entry_butterflies, hangedman_abyss_or_decor_lesser_grid,
          kennysheep_big_empty_room, hangedman_feature_mirror,
          kennysheep_pointless_box, chequers_garden, uniq_edmund

Skill      XL: |  1  2  3  4  5 |
---------------+----------------+-----
Shields        | 3 4 |  4.1
Fighting       | 3 |  3.6
Unarmed Combat | 3 |  3.8
Dodging        | |  2.4

Action                   |  1- 3 |  4- 6 || total
-------------------------+-------+-------++-------
Melee: Unarmed           |    98 |    78 ||   176
 Stab: Sleeping          |     3 |       ||     3
Armor: Robe              |    31 |    29 ||    60
Dodge: Dodged            |    31 |    30 ||    61
Block: Kite shield       |    36 |    27 ||    63
